 Dungeon Crawl Stone Soup version 0.25.0-15-gac7dcb8919 (webtiles) character file.

Game seed: 13693902511599418590

150209 raith the Covert (level 16, -8/131 HPs)
             Began as a Demonspawn Fighter on June 26, 2020.
             Was a High Priest of Wu Jian.
             Mangled by an Executioner (15 damage)
             ... on level 2 of the Abyss on June 29, 2020.
             The game lasted 01:38:28 (30308 turns).

raith the Covert (Demonspawn Fighter)              Turns: 30308, Time: 01:38:29

Health: -8/131     AC: 26    Str: 29    XL:     16   Next: 98%
Magic:  17/17      EV: 15    Int:  6    God:    Wu Jian [*****.]
Gold:   1415       SH: 14    Dex:  9    Spells: 15/15 levels left

rFire    . . .     SeeInvis .   d - +7 spear (distort)
rCold    . . .     Gourm    .   c - +1 kite shield
rNeg     + . .     Faith    .   z - +5 chain mail
rPois    +         Spirit   .   (helmet unavailable)
rElec    +         Reflect  .   Y - +1 cloak {Stlth+}
rCorr    .         Harm     .   B - +0 pair of gloves
MR       +....     Rnd*Rage +   (no boots) Stlth ++++......Rnd*Tele +
                                K - amulet of the Air {Inacc +Fly rElec EV+5 RMsl}
HPRegen  0.31/turn              E - +6 ring of strength
MPRegen  0.15/turn              b - ring "Guheerch" {rPois AC+4}

@: berserk cooldown, very slightly contaminated, slowed, repel missiles, very
slow
A: claws 2, horns 3, talons 2, [berserk 2], [clumsy 2], demonic guardian 2,
[deterioration 1], [dopey 2], negative energy resistance 1, nightstalker 2,
[screaming 1], [teleportitis 1], [subdued magic 2]
a: Wall Jump, Serpent's Lash, Heavenly Storm, Renounce Religion, Evoke Flight


You were on level 2 of the Abyss.
You worshipped Wu Jian.
Wu Jian was extremely pleased with you.
You were not hungry.

You visited 6 branches of the dungeon, and saw 28 of its levels.
You visited the Abyss 1 time.

You collected 2239 gold pieces.
You spent 824 gold pieces at shops.

Inventory:

Hand Weapons
 d - a +7 spear of distortion (weapon)
Missiles
 r - 3 boomerangs of dispersal (quivered)
Armour
 c - a +1 kite shield (worn)
 z - a +5 chain mail (worn)
 B - a +0 pair of gloves (worn)
 Y - a +1 cloak of stealth (worn)
Jewellery
 b - the ring "Guheerch" (right hand) {rPois AC+4}
   (You acquired it on level 1 of the Orcish Mines)

   [ring of protection]

   It affects your AC (+4).
   It protects you from poison.
 i - an uncursed ring of resist corrosion
 t - an uncursed ring of protection from magic
 u - the ring "Zaluawula" {*Corrode rElec MR+ Dex+3 Stlth-, unknown}
   (You found it on level 3 of the Elven Halls)

   [ring of attention]

   It affects your dexterity (+3).
   It insulates you from electricity.
   It affects your resistance to hostile enchantments.
   It may corrode you when you take damage.
   It makes you less stealthy.
 D - an uncursed ring of poison resistance {unknown}
 E - a +6 ring of strength (left hand)
 G - an uncursed ring of flight
 K - the amulet of the Air (around neck) {Inacc +Fly rElec EV+5 RMsl}
   (You found it on level 14 of the Dungeon)

   [amulet of inaccuracy]

   It reduces the accuracy of all your attacks.
   It affects your evasion (+5).
   It insulates you from electricity.
   It lets you fly.
   It protects you from missiles.
 L - the ring "Olofavu" {+Fly rPois Stlth+}
   (You found it on level 14 of the Dungeon)

   [ring of flight]

   It protects you from poison.
   It lets you fly.
   It makes you more stealthy.
 M - an uncursed ring of protection from magic
Wands
 h - a wand of digging (3)
 p - a wand of disintegration (31)
 x - a wand of acid (8)
 A - a wand of paralysis (28)
 J - a wand of random effects (32)
 P - a wand of iceblast (10)
Scrolls
 a - a scroll of summoning
 j - a scroll of identify
 k - 5 scrolls of fog
 l - a scroll of silence
 m - a scroll of brand weapon {unknown}
 n - 10 scrolls of remove curse
 s - 3 scrolls of teleportation
 v - 2 scrolls of blinking
 w - 10 scrolls of magic mapping
 y - 2 scrolls of fear
 S - 4 scrolls of amnesia
Potions
 e - 2 potions of flight
 o - 6 potions of stabbing
 q - 3 potions of brilliance
 C - a potion of degeneration
 F - 3 potions of magic
 N - 4 potions of haste
Miscellaneous
 I - a tin of tremorstones (3/3)
 Q - a phantom mirror
 R - a lightning rod (4/4)
 W - a phial of floods
Comestibles
 f - 28 rations


   Skills:
 + Level 13.5 Fighting
   Level 2.5 Long Blades
 - Level 12.0 Polearms
 + Level 13.8 Armour
 + Level 4.9 Dodging
 + Level 13.9 Stealth
 + Level 12.5 Shields
 + Level 1.7 Evocations


You had 15 spell levels left.
You didn't know any spells.
Your spell library contained the following spells:

 Spells                   Type           Power        Failure   Level  Hunger
 Beastly Appendage        Tmut           #.....       90%         1    ##.....
 Corona                   Hex            #......      90%         1    ##.....
 Pain                     Necr           #...         90%         1    ##.....
 Shock                    Conj/Air       #...         90%         1    ##.....
 Corpse Rot               Necr/Air       N/A          97%         2    ###....
 Ensorcelled Hibernation  Hex/Ice        #.....       97%         2    ###....
 Passwall                 Tmut/Erth      #.......     97%         2    ###....
 Poisonous Vapours        Pois/Air       #.....       97%         2    ###....
 Slow                     Hex            #.......     97%         2    ###....
 Swiftness                Chrm/Air       #.......     97%         2    ###....
 Confusing Touch          Hex            #.......     99%         3    ####...
 Conjure Flame            Conj/Fire      #.......     99%         3    ####...
 Dazzling Flash           Conj/Hex       #.....       99%         3    ####...
 Inner Flame              Hex/Fire       #.......     99%         3    ####...
 Mephitic Cloud           Conj/Pois/Air  #.......     99%         3    ####...
 Portal Projectile        Hex/Tloc       #.....       99%         3    ####...
 Static Discharge         Conj/Air       #.......     99%         3    ####...
 Tukima's Dance           Hex            #.......     99%         3    ####...
 Airstrike                Air            #.........   100%        4    #####..
 Cause Fear               Hex            #.........   100%        4    #####..
 Leda's Liquefaction      Hex/Erth       #.........   100%        4    #####..
 Sticky Flame             Conj/Fire      #.......     100%        4    #####..
 Agony                    Necr           #.......     100%        5    ######.
 Alistair's Intoxication  Tmut/Pois      #.......     100%        5    ######.
 Lightning Bolt           Conj/Air       #.........   100%        5    ######.
 Silence                  Hex/Air        #.........   100%        5    ######.
 Yara's Violent Unravell  Hex/Tmut       #.........   100%        5    ######.
 Freezing Cloud           Conj/Ice/Air   #.........   100%        6    #######
 Starburst                Conj/Fire      #.........   100%        6    #######
 Ring of Flames           Chrm/Fire      #.........   100%        7    #######
 Discord                  Hex            #.........   100%        8    #######


Dungeon Overview and Level Annotations

Branches:
Dungeon (15/15)            Temple (1/1) D:6            Lair (6/6) D:9
  Swamp (0/4) Lair:2       Spider (0/4) Lair:4        Slime (1/5) Lair:5
    Orc (2/2) D:12            Elf (3/3) Orc:2        Vaults (0/5) D:13
 Depths: D:15

Altars:
Ashenzari
Cheibriados
Dithmenos
Elyvilon
Fedhas
Gozag
Hepliaklqana
Kikubaaqudgha
Makhleb
Nemelex Xobeh
Okawaru
Qazlal
Ru
Sif Muna
Trog
Uskayaw
Vehumet
Wu Jian
Xom
Yredelemnul
Zin
The Shining One
Beogh
Jiyva

Shops:
D:11 [   Orc:2 (=![   Elf:2 *=   Elf:3 (

Annotations:
D:12 exclusion: 2 statues
D:15 Louise
Lair:5 exclusion: oklob plant
Lair:6 exclusion: oklob plant
Abyss:1 Agnes, Edmund, Frances, Nessos, Snorg, Terence


Innate Abilities, Weirdness & Mutations

You have very sharp fingernails.
You have a pair of large horns on your head.
You have razor-sharp toenails.
A demonic guardian rushes to your aid.
You resist negative energy. (rN+)
You are significantly more attuned to the shadows.
[You often lose your temper in combat.]
[You are very clumsy. (Dex -4)]
[Your body sometimes deteriorates upon taking damage.]
[You are very dopey. (Int -4)]
[You occasionally shout uncontrollably at your foes.]
[You are occasionally teleported next to monsters.]
[Your spells are easier to cast, but less powerful.]


Message History

Your sixfirhy barely misses the Executioner.
You block the Executioner's attack. x2
The Executioner hits you but does no damage.
Your sixfirhy misses the Executioner. The Executioner gestures at you.
You resist with significant effort.
You puncture the Executioner!
Space bends around the Executioner.
Your kick misses the Executioner. You headbutt the Executioner!
The Executioner is severely wounded.
The Executioner completely misses you. The Executioner closely misses you.
The Executioner hits you but does no damage.
You block the Executioner's attack.
The Executioner hits you but does no damage. x2
The Executioner closely misses you. You block the Executioner's attack.
The Executioner barely misses you.
You hit the Executioner but do no damage.
Space bends around the Executioner.
Your kick misses the Executioner.
The Executioner is severely wounded.
The Executioner hits you!
You die...

... . .. .# ......
..# ......####...#
.#. . #.#@..#.#
....1###1....... .
....#.#3#...... . #
........#..........
................ ..
# .8..8.. ..).....
#
....#...'.........#
.#.....##.##. ...
..#.######## ...#≈.


You could see an Executioner (fast) and a friendly sixfirhy (summoned).

Vanquished Creatures
  A deep elf blademaster (Elf:2)
  A deep elf master archer (Elf:3)
  2 tentacled starspawn (Abyss:2)
  An orc warlord (Orc:1)
  3 deep elf sorcerers
  2 deep elf elementalists (Elf:3)
  A deep elf annihilator (Elf:3)
  An ettin (Orc:2)
  Josephine (D:10)
  2 ogre magi (Orc:2)
  5 hydras
  A deep elf high priest (Elf:3)
  Erica (D:11)
  4 death yaks (Lair:6)
  4 centaur warriors
  10 two-headed ogres
  2 death knights
  13 dancing weapons
  2 tengu warriors (D:15)
  Urug (D:13)
  A wretched star (Abyss:2)
  9 deep elf knights
  A deep troll (Orc:2)
  A swamp dragon (D:14)
  A spatial maelstrom (Abyss:2)
  4 deep elf archers (Elf:1)
  2 orc knights (Orc:1)
  An orc sorcerer (D:15)
  A sphinx skeleton (D:15)
  An ugly thing (D:11)
  28 deep elf magi
  A manticore (D:14)
  A moth of wrath (shapeshifter) (D:15)
  3 cyclopes
  2 black mambas
  Psyche (D:11)
  11 elephants
  8 spiny frogs
  2 rime drakes
  2 efreet (D:14)
  A gargoyle (D:12)
  A freezing wraith (D:15)
  A kobold demonologist (D:11)
  A komodo dragon (Lair:2)
  A tengu conjurer (D:15)
  2 harpy zombies
  A polar bear (Lair:5)
  10 trolls
  15 blink frogs
  4 slime creatures (D:12)
  4 hippogriffs
  2 water elementals (Elf:2)
  An air elemental (Elf:3)
  4 redbacks (Lair:4)
  47 yaks
  2 wyverns
  11 humans (D:13)
  7 wraiths
  2 fire elementals (Elf:1)
  4 hungry ghosts
  4 basilisks
  8 vampire mosquitoes
  2 wargs
  A soldier ant (D:8)
  A large abomination (Abyss:2)
  9 water moccasins
  An acid dragon (D:12)
  4 porcupines
  A meliai simulacrum (D:15)
  4 black bears
  20 ogres
  5 sky beasts
  12 orc warriors
  An eye of draining (D:11)
  2 ice beasts
  A necrophage (D:13)
  A phantom (D:8)
  5 wolves (Lair:4)
  6 centaurs
  11 crocodiles
  2 big kobolds
  2 earth elementals (Elf:1)
  15 bullfrogs
  A wyvern skeleton (D:12)
  4 scorpions
  A water moccasin skeleton (D:4)
  10 killer bees
  13 wights
  4 howler monkeys
  6 crimson imps
  A centaur zombie (D:11)
  4 quasits
  A small abomination (Abyss:2)
  3 centaur skeletons
  4 starcursed masses (Abyss:2)
  9 hounds
  3 jellies
  15 orc priests
  A bullfrog skeleton (D:5)
  19 orc wizards
  An iguana (D:12)
  15 worker ants
  Robin (D:2)
  A worker ant zombie (D:9)
  4 gnolls
  11 adders
  2 shadow imps
  A white imp (Abyss:2)
  2 adder skeletons
  2 worms
  3 dart slugs (D:1)
  3 leopard geckos
  63 orcs
  A giant cockroach (D:1)
  14 goblins
  9 hobgoblins
  7 jackals
  3 quokkas
  8 bats
  4 frilled lizards (D:1)
  A jackal skeleton (D:6)
  9 kobolds
  A leopard gecko skeleton (D:7)
  12 rats
  A fungus (Lair:1)
  A starspawn tentacle (Abyss:2)
657 creatures vanquished.

Vanquished Creatures (collateral kills)
  A deep elf blademaster (Elf:3)
  A deep elf elementalist (Elf:3)
  A deep elf death mage (Elf:3)
  A deep elf high priest (Elf:3)
  Fannar (Orc:1)
  A two-headed ogre (Orc:2)
  2 dancing weapons (Elf:2)
  A deep elf knight (Elf:2)
  A deep elf archer (Elf:3)
  A deep troll (Orc:2)
  A large abomination (Abyss:2)
  2 cyclopes
  2 deep elf magi (Elf:2)
  A smoke demon (Abyss:2)
  2 spiny frogs
  4 yaks (D:11)
  4 humans (D:13)
  3 starcursed masses (Abyss:2)
  A warg (Orc:1)
  An orc warrior (Orc:2)
  2 ogres (Orc:2)
  A bullfrog (D:9)
  An iron imp (Abyss:2)
  An orc priest (Orc:1)
  A shadow imp (D:15)
  4 orcs
  A goblin (D:2)
  A jackal (D:5)
  A quokka (D:4)
  2 kobolds (D:11)
47 creatures vanquished.

Vanquished Creatures (others)
  A deep elf blademaster (Elf:3)
  The ghost of blexxed the Severer, a journeyman DsFi of Okawaru (Orc:1)
  A deep elf annihilator (Elf:3)
  A deep elf death mage (Elf:3)
  A death ooze (Lair:5)
  A yaktaur captain (D:13)
  A hydra (D:12)
  2 catoblepae (Lair:6)
  4 centaur warriors
  6 dancing weapons
  A death yak (Lair:6)
  4 two-headed ogres
  An orc high priest (Orc:2)
  3 deep elf knights
  2 deep elf archers
  An orc knight (Orc:1)
  An ugly thing (D:12)
  An orc sorcerer (Orc:1)
  5 deep elf magi
  A cyclops (Orc:2)
  4 manticores
  7 elephants
  A black mamba (Lair:4)
  A shock serpent zombie (Abyss:2)
  A smoke demon (Abyss:2)
  3 spiny frogs
  A gargoyle (D:12)
  3 komodo dragons
  2 rime drakes
  A yaktaur (D:14)
  2 polar bears
  3 trolls
  2 tyrant leeches (Lair:2)
  2 blink frogs
  3 hippogriffs
  A shadow (D:15)
  A water elemental (Elf:2)
  23 yaks
  A human (D:13)
  A warg (D:9)
  3 soldier ants
  2 sky beasts
  2 orc warriors
  4 ogres
  A crocodile (Lair:3)
  6 bullfrogs
  A water moccasin skeleton (D:8)
  A killer bee (D:12)
  8 wights
  A howler monkey (D:8)
  2 crimson imps
  A bullfrog zombie (D:10)
  A hound (D:8)
  2 jellies
  2 centaur skeletons (D:11)
  2 worker ants
  A gnoll (D:6)
  An adder (D:8)
  2 shadow imps
  A worm (D:2)
  2 dart slugs (D:3)
  2 orcs
  A giant cockroach (D:6)
  4 fungi
  A plant (Lair:6)
  3 starspawn tentacles (Abyss:2)
  4 withered plants (D:15)
163 creatures vanquished.

Grand Total: 867 creatures vanquished

Notes
Turn   | Place    | Note
-------+----------+-------------------------------------------
     0 | D:1      | raith the Demonspawn Fighter began the quest for the Orb.
     0 | D:1      | Reached XP level 1. HP: 18/18 MP: 1/1
    72 | D:1      | Gained mutation: A weak demonic guardian rushes to your
                  | aid. [demonic ancestry]
    72 | D:1      | Reached XP level 2. HP: 23/24 MP: 2/2
   127 | D:1      | HP: 1/24 [kobold/+0 dagger (1)]
   542 | D:1      | Gained mutation: You have a pair of small horns on your
                  | head. [demonic ancestry]
   542 | D:1      | Reached XP level 3. HP: 29/29 MP: 3/3
  1335 | D:2      | Noticed Robin
  1338 | D:2      | Gained mutation: You have a pair of horns on your head.
                  | [demonic ancestry]
  1338 | D:2      | Reached XP level 4. HP: 31/35 MP: 4/4
  1602 | D:2      | Reached skill level 1 in Polearms
  1664 | D:2      | Killed Robin
  2253 | D:3      | Found a faded altar of an unknown god.
  2272 | D:3      | Noticed Terence
  2283 | D:3      | Banished Terence
  2283 | D:3      | Gained mutation: You are slightly more attuned to the
                  | shadows. [demonic ancestry]
  2283 | D:3      | Reached XP level 5. HP: 37/41 MP: 5/5
  2489 | D:3      | Found a snail-covered altar of Cheibriados.
  3155 | D:4      | You fall into a shaft and drop 1 floor!
  3155 | D:5      | Entered Level 5 of the Dungeon
  3168 | D:5      | Reached XP level 6. HP: 43/47 MP: 6/6
  3180 | D:5      | Reached skill level 1 in Dodging
  3376 | D:5      | Found a glowing golden altar of the Shining One.
  3447 | D:5      | Reached skill level 1 in Stealth
  3710 | D:5      | Gained mutation: You have sharp fingernails. [demonic
                  | ancestry]
  3710 | D:5      | Reached XP level 7. HP: 53/53 MP: 7/7
  4095 | D:4      | Noticed Edmund
  4104 | D:4      | Banished Edmund
  4371 | D:6      | Reached skill level 5 in Polearms
  4529 | D:6      | Gained mutation: You have sharp toenails. [demonic
                  | ancestry]
  4529 | D:6      | Reached XP level 8. HP: 51/60 MP: 8/8
  4582 | D:6      | Found a staircase to the Ecumenical Temple.
  4597 | Temple   | Entered the Ecumenical Temple
  4698 | Temple   | Became a worshipper of the Wu Jian Council
  4825 | D:6      | Found a shimmering altar of Xom.
  4827 | D:6      | Found a shimmering altar of Xom.
  4828 | D:6      | Found a shimmering altar of Xom.
  4953 | D:6      | Found a shimmering altar of Xom.
  4970 | D:6      | Found a shimmering altar of Xom.
  5039 | D:7      | Reached skill level 5 in Armour
  5596 | D:8      | Reached * piety under Wu Jian
  5599 | D:8      | Noticed a two-headed ogre
  5612 | D:8      | Killed a two-headed ogre
  5612 | D:8      | Reached skill level 5 in Fighting
  5612 | D:8      | Gained mutation: You are significantly more attuned to the
                  | shadows. [demonic ancestry]
  5612 | D:8      | Reached XP level 9. HP: 42/68 MP: 9/9
  6621 | D:8      | Noticed a two-headed ogre
  6633 | D:8      | Banished a two-headed ogre
  6633 | D:8      | Reached skill level 5 in Shields
  6633 | D:8      | Gained mutation: You have very sharp fingernails. [demonic
                  | ancestry]
  6633 | D:8      | Reached XP level 10. HP: 33/74 MP: 10/10
  7356 | D:9      | Reached ** piety under Wu Jian
  7754 | D:9      | Found a staircase to the Lair.
  7968 | D:9      | Reached skill level 10 in Polearms
  9059 | Lair:1   | Entered Level 1 of the Lair of Beasts
  9082 | Lair:1   | Noticed a spiny frog
  9083 | Lair:1   | Noticed a spiny frog
  9087 | Lair:1   | Noticed a spiny frog
  9264 | Lair:1   | Noticed a spiny frog
  9268 | Lair:1   | Banished a spiny frog
  9323 | Lair:1   | Killed a spiny frog
  9398 | Lair:1   | Noticed a spiny frog
  9405 | Lair:1   | Killed a spiny frog
  9410 | Lair:1   | Killed a spiny frog
  9456 | Lair:1   | Noticed a seven-headed hydra
  9463 | Lair:1   | Killed a seven-headed hydra
  9463 | Lair:1   | Gained mutation: You have a pair of large horns on your
                  | head. [demonic ancestry]
  9463 | Lair:1   | Reached XP level 11. HP: 68/83 MP: 11/11
 10456 | Lair:2   | Found a glowing silver altar of Zin.
 10724 | Lair:2   | Reached *** piety under Wu Jian
 10843 | Lair:2   | Found a staircase to the Swamp.
 11585 | Lair:3   | Reached skill level 5 in Stealth
 12415 | Lair:4   | Noticed a five-headed hydra
 12449 | Lair:4   | Reached XP level 12. HP: 52/92 MP: 12/12
 12467 | Lair:4   | Killed a five-headed hydra
 12572 | Lair:4   | Found a hole to the Spider Nest.
 13894 | Lair:4   | Identified Hait's Catalogue of Mutagenic Stones
 14105 | Lair:5   | Found a viscous altar of Jiyva.
 14105 | Lair:5   | Found a staircase to the Slime Pits.
 14140 | Slime:1  | Entered Level 1 of the Pits of Slime
 14151 | Slime:1  | Noticed a death ooze
 14158 | Lair:5   | Banished a death ooze
 14206 | Lair:5   | Reached skill level 10 in Armour
 14607 | Lair:5   | Reached **** piety under Wu Jian
 14875 | Lair:5   | Reached XP level 13. HP: 101/101 MP: 13/13
 15283 | Lair:6   | Entered Level 6 of the Lair of Beasts
 16748 | Lair:6   | Reached skill level 1 in Evocations
 16977 | Lair:6   | Reached skill level 10 in Fighting
 17589 | D:10     | Entered Level 10 of the Dungeon
 17714 | D:10     | Noticed Josephine
 17725 | D:10     | Killed Josephine
 17773 | D:10     | Found a shadowy altar of Dithmenos.
 18688 | D:11     | Noticed Psyche
 18697 | D:11     | Killed Psyche
 18832 | D:11     | Gained mutation: A demonic guardian rushes to your aid.
                  | [demonic ancestry]
 18832 | D:11     | Reached XP level 14. HP: 111/111 MP: 15/15
 18848 | D:11     | Reached ***** piety under Wu Jian
 19163 | D:11     | Reached skill level 10 in Shields
 19582 | D:11     | Noticed Erica
 19586 | D:11     | Killed Erica
 19646 | D:11     | Found Veostrirash's Armour Shop.
 20424 | D:12     | Found a staircase to the Orcish Mines.
 20442 | Orc:1    | Entered Level 1 of the Orcish Mines
 20511 | Orc:1    | Noticed Fannar
 20520 | Orc:1    | Killed Fannar
 20864 | Orc:1    | Noticed Snorg
 20868 | Orc:1    | Banished Snorg
 21078 | Orc:1    | Found a runed translucent gate.
 21079 | Orc:1    | Found a runed translucent gate.
 21079 | Orc:1    | Found a runed translucent gate.
 21081 | Orc:1    | Noticed blexxed's ghost (journeyman DsFi)
 21085 | Orc:1    | Identified the +6 glaive "Eloff" {flame, rPois rF- Str+4}
 21085 | Orc:1    | Noticed an orc warlord
 21124 | Orc:1    | Banished blexxed's ghost
 21138 | Orc:1    | Killed an orc warlord
 21362 | Orc:1    | Found a roughly hewn altar of Beogh.
 21536 | Orc:1    | Identified a scroll of acquirement
 21537 | Orc:1    | Got the ring "Guheerch" {rPois AC+4}
 21599 | Orc:2    | Entered Level 2 of the Orcish Mines
 21758 | Orc:2    | Found a roughly hewn altar of Beogh.
 21829 | Orc:2    | Reached skill level 10 in Stealth
 22079 | Orc:2    | Found Luvai's Distillery.
 22175 | Orc:2    | Found Mumehi's Weapon Shoppe.
 22248 | Orc:2    | Found Riph's Antique Armour Emporium.
 22251 | Orc:2    | Bought a potion of heal wounds for 90 gold pieces
 22260 | Orc:2    | Found Archich's Jewellery Shoppe.
 22277 | Orc:2    | Bought a +6 ring of strength for 702 gold pieces
 22442 | Orc:2    | Found a staircase to the Elven Halls.
 22453 | Elf:1    | Entered Level 1 of the Elven Halls
 22866 | Elf:1    | Gained mutation: You have razor-sharp toenails. [demonic
                  | ancestry]
 22866 | Elf:1    | Reached XP level 15. HP: 120/120 MP: 16/16
 22867 | Elf:1    | Noticed Frances
 22877 | Elf:1    | Banished Frances
 23791 | Elf:2    | Noticed a deep elf sorcerer
 23802 | Elf:2    | Killed a deep elf sorcerer
 23905 | Elf:2    | Found Ohasaty's General Store.
 23927 | Elf:2    | Bought a scroll of identify for 32 gold pieces
 24141 | Elf:2    | Found a runed translucent gate.
 24141 | Elf:2    | Found a runed translucent gate.
 24141 | Elf:2    | Found a runed translucent gate.
 24207 | Elf:2    | Found Toufom's Jewellery Emporium.
 24211 | Elf:2    | Reached ****** piety under Wu Jian
 24964 | Elf:2    | Noticed a deep elf blademaster
 24984 | Elf:2    | Killed a deep elf blademaster
 25245 | Elf:3    | Entered Level 3 of the Elven Halls
 25583 | Elf:3    | Noticed a deep elf sorcerer
 25588 | Elf:3    | Killed a deep elf sorcerer
 25595 | Elf:3    | Noticed a deep elf blademaster
 25597 | Elf:3    | Noticed a deep elf sorcerer
 25617 | Elf:3    | Banished a deep elf blademaster
 25617 | Elf:3    | Gained mutation: You resist negative energy. (rN+) [demonic
                  | ancestry]
 25617 | Elf:3    | Reached XP level 16. HP: 81/129 MP: 17/17
 25636 | Elf:3    | Noticed a deep elf master archer
 25643 | Elf:3    | Killed a deep elf master archer
 26011 | Elf:3    | Identified the +2 flail "Fitoidat" {flame, MP+9}
 26177 | Elf:3    | Got a shimmering granite ring
 26404 | Elf:3    | Found Pury Ytoa's Weapon Shop.
 26503 | Elf:3    | Identified the cursed +1 glaive "Alaciq" {venom, Int+4}
 26508 | Elf:3    | Noticed a deep elf master archer
 26562 | Elf:3    | Noticed a deep elf blademaster
 26579 | Elf:3    | Killed a deep elf blademaster
 27628 | D:13     | Found a gate to the Vaults.
 27628 | D:13     | Noticed Urug
 27644 | D:13     | Killed Urug
 28589 | D:14     | Upgraded the game from 0.25.0-11-g1f837a76a1 to
                  | 0.25.0-15-gac7dcb8919
 28762 | D:14     | Found the amulet of the Air {Inacc +Fly rElec EV+5 RMsl}
 28822 | D:14     | Got a shimmering brass ring
 28823 | D:14     | Identified the ring "Olofavu" {+Fly rPois Stlth+} (You
                  | found it on level 14 of the Dungeon)
 28954 | D:14     | Identified the Tome of Fire and Unholy Arts
 29228 | D:15     | Entered Level 15 of the Dungeon
 29262 | D:15     | Paralysed by an orc sorcerer for 3 turns
 29835 | D:15     | Noticed Nessos
 29844 | D:15     | Banished Nessos
 29857 | D:15     | Noticed Agnes
 29871 | D:15     | Banished Agnes
 29910 | D:15     | Noticed Louise
 29912 | D:15     | Cast into level 2 of the Abyss (Louise)
 30017 | Abyss:2  | Noticed a tentacled starspawn
 30024 | Abyss:2  | Killed a tentacled starspawn
 30060 | Abyss:2  | Noticed a tentacled starspawn
 30070 | Abyss:2  | Killed a tentacled starspawn
 30104 | Abyss:2  | Noticed an Executioner
 30304 | Abyss:2  | HP: 6/131 [Executioner (10)]
 30308 | Abyss:2  | Mangled by an Executioner

Illustrated notes

Levels and vault maps discovered:
D:1:      lightli_arrival_chessboard, layout_loops_cross,
          ebering_dispersal_statue_hall
D:2:      layout_rooms, serial_forest, infiniplex_forest_end_3,
          infiniplex_forest_clump_medium, infiniplex_forest_lined_1,
          infiniplex_forest_end_2, infiniplex_forest_straight_2,
          infiniplex_forest_split, infiniplex_forest_lined_4_way, uniq_robin
D:3:      layout_basic, chequers_ecumenical_altar_simple, first_ration,
          kennysheep_slug_shrine, uniq_terence
D:4:      layout_rooms, uniq_edmund
D:5:      layout_cave_pools, nicolae_overflow_hidden_temple
D:6:      layout_rooms, minmay_temple_entry_stoned_glass, xom_redecorated
D:7:      layout_gridville
D:8:      layout_gridville, hangedman_pestilent_swarm
D:9:      layout_roguey, erik_lair_orcish_takeover, wad_rectangle_vault
D:10:     layout_loops_ring, serial_glass, glass_columns_b, glass_columns_c,
          nicolae_dithmenos_shadow_blocks, uniq_josephine
D:11:     layout_loops_corners, serial_shops, shop, uniq_psyche, uniq_erica
D:12:     layout_stronghold, orc_0_dummy, hangedman_decor_diamond_cutter,
          grunt_decor_fettered, minmay_stone_trees_small,
          minmay_dual_archer_statues
D:13:     layout_rooms, david_vaults_3
D:14:     layout_cave_pools, grunt_decor_arrowhead, minmay_the_grid_2x2
          [minmay_the_grid_fan, minmay_the_grid_dragon_a,
          minmay_the_grid_outer_diamond,
          minmay_the_grid_prize_four_corners_diamond_b]
D:15:     gammafunk_depths_entry_grave, layout_cave_pools, minmay_misc_feat_iff,
          uniq_agnes, uniq_nessos, uniq_louise
Temple:   kilobyte_greek_temple
Lair:1:   layout_chaotic_city, lemuel_fruit_tree
Lair:2:   layout_cave_pods, minmay_swamp_entry_worms, basic_altar,
          serial_forest, infiniplex_forest_lined_3, infiniplex_forest_lined_2,
          infiniplex_forest_zigzag_2, infiniplex_forest_corner_1, st_stairs_6
Lair:3:   layout_regular_city
Lair:4:   layout_cave_pods, spider_nest_entry_webs, infiniplex_staircase_pool_2,
          grunt_megastairs_3
Lair:5:   layout_gridlike, slime_altar_1, beast_lair_carwin_9,
          infiniplex_staircase_pool
Lair:6:   evilmike_catoblepas_cave, layout_regular_city,
          chequers_serial_rivers_micro_e, st_stairs_10, minmay_lair_oklob_bushes
Slime:1:  layout_caves, basic_altar
Orc:1:    layout_diamond_mine, biasface_ghost_orc_armoury, uniq_snorg,
          uniq_fannar
Orc:2:    st_orc_open, layout_caves, basic_altar
Elf:1:    minmay_elf_arrival_circle, layout_loops_cross, evilmike_minifort,
          uniq_frances
Elf:2:    layout_loops_cross, serial_shops, shop,
          minmay_shop_enchanted_jewellery
Elf:3:    minmay_elf_hall_x, layout_geoelf_diagonals, serial_shops, shop
Abyss:2:  base:
Lair:4

Skill      XL: |  1  2  3  4  5  6  7  8  9 10 11 12 13 14 15 16 |
---------------+-------------------------------------------------+-----
Armour         | 3 4 5 6 7 8 10 11 12 13 | 13.8
Long Blades    | 2 |  2.5
Shields        | 3 4 5 6 8 9 10 11 12 | 12.5
Polearms       | 1 2 3 5 7 9 10 11 12 | 12.0
Dodging        | 1 2 3 4 |  4.9
Stealth        | 1 2 3 5 7 11 12 13 | 13.9
Fighting       | 4 5 6 7 9 10 11 12 13 | 13.5
Evocations     | 1 |  1.7

Action                   |  1- 3 |  4- 6 |  7- 9 | 10-12 | 13-15 | 16-18 || total
-------------------------+-------+-------+-------+-------+-------+-------++-------
Melee: Long sword        |    27 |       |       |       |       |       ||    27
       Spear             |    56 |   141 |   251 |   623 |  1222 |   544 ||  2837
       Headbutt          |     6 |    10 |    28 |   102 |   197 |    79 ||   422
       Kick              |       |       |    32 |   166 |   278 |   155 ||   631
Invok: Whirlwind         |       |       |       |     7 |     9 |    15 ||    31
       Lunge             |       |       |       |     2 |     1 |     5 ||     8
       Heavenly Storm    |       |       |       |       |       |     2 ||     2
Evoke: Lightning rod     |       |       |       |     2 |     2 |       ||     4
  Use: Scroll            |     1 |     6 |     2 |     9 |    16 |    13 ||    47
       Potion            |     1 |     3 |       |     8 |     5 |     8 ||    25
 Stab: Sleeping          |       |     2 |     3 |    13 |    63 |    25 ||   106
       Distracted        |       |       |     2 |     1 |     4 |     4 ||    11
  Eat: Ration            |     1 |       |     2 |     5 |     8 |     3 ||    19
       Chunk             |       |     6 |     4 |     7 |     9 |     5 ||    31
Armor: Scale mail        |    21 |    46 |    16 |       |       |       ||    83
       Skin              |       |     3 |       |       |       |       ||     3
       Chain mail        |       |       |    25 |    86 |   149 |   129 ||   389
Dodge: Dodged            |    16 |    23 |    25 |    60 |    93 |   107 ||   324
       Repelled          |       |       |       |       |       |     6 ||     6
Block: Kite shield       |    28 |    55 |    67 |   130 |   177 |   206 ||   663
       Rpst.: Long sword |     5 |       |       |       |       |       ||     5
